 Dungeon Crawl Stone Soup version 0.27-a0-860-gaf99fae3ca (webtiles) character file.

Game seed: 9890479671137891799

26059 jasper the Martial Artist (level 12, -3/106 HPs)
             Began as a Demonspawn Delver on Apr 1, 2021.
             Was an Elder of Makhleb.
             Killed by divine providence
             ... invoked by a smoke demon
             ... summoned by the player character
              (8 damage)
             ... in a Gauntlet.
             The game lasted 00:37:16 (24214 turns).

jasper the Martial Artist (Demonspawn Delver)      Turns: 24214, Time: 00:37:16

Health: -3/106     AC: 12    Str: 14    XL:     12   Next: 95%
Magic:  16/16      EV: 15    Int: 15    God:    Makhleb [****..]
Gold:   667        SH: 11    Dex: 15    Spells: 0/17 levels left

rFire    . . .     SeeInvis .     - Unarmed
rCold    . . .     Faith    .   (no shield)
rNeg     . . .     Spirit   .   D - +1 acid dragon scales
rPois    +         Reflect  +   o - +1 hat
rElec    .         Harm     .   h - +1 cloak
rCorr    +         Rampage  .   (no gloves)
Will     ++...     NoTele   +   g - +0 pair of boots
Stlth    ++........             C - amulet of reflection
HPRegen  0.27/turn              d - ring of wizardry
MPRegen  0.30/turn              v - ring of poison resistance

@: no status effects
A: antennae 1, large bone plates 2, demonic guardian 1, robust 1, magic
regeneration, claws 1, strong-willed 2
a: Renounce Religion, Minor Destruction, Lesser Servant of Makhleb, Major
Destruction


You were in a Gauntlet.
You worshipped Makhleb.
Makhleb was greatly pleased with you.
You visited 3 branches of the dungeon, and saw 16 of its levels.
You also visited: Gauntlet.

You collected 865 gold pieces.
You spent 198 gold pieces at shops.

Inventory:

Missiles
 j - 381 stones (quivered)
 k - 85 poisoned darts
 p - 2 boomerangs of dispersal
 y - a curare-tipped dart
 z - 7 javelins
 L - 21 atropa-tipped darts
Armour
 g - a +0 pair of boots (worn)
 h - a +1 cloak (worn)
 o - a +1 hat (worn)
 D - +1 acid dragon scales (worn)
Jewellery
 d - a ring of wizardry (left claw)
 i - a ring of fire
 n - an amulet of guardian spirit
 v - a ring of poison resistance (right claw)
 C - an amulet of reflection (around neck)
 H - a ring of protection from cold
Wands
 a - a wand of random effects (18)
 f - a wand of digging (16)
 B - a wand of flame (5)
 M - a wand of polymorph (9)
Scrolls
 b - a scroll of fog
 c - a scroll of magic mapping
 l - a scroll of amnesia
 q - a scroll of enchant weapon
 r - a scroll of torment
 x - 6 scrolls of teleportation
 F - 3 scrolls of identify
 G - a scroll of enchant armour
 K - a scroll of summoning
Potions
 m - a potion of flight
 s - 2 potions of haste
 t - 2 potions of brilliance
 u - 3 potions of curing
 w - 2 potions of magic
 A - 2 potions of mutation
 E - a potion of heal wounds
 I - a potion of resistance
 J - 2 potions of lignification
Miscellaneous
 e - a tin of tremorstones (inert)


   Skills:
 - Level 10.0 Fighting
 - Level 3.0 Armour
 - Level 9.0 Dodging
 - Level 4.5 Stealth
 - Level 12.2 Unarmed Combat
 - Level 3.0 Spellcasting
 - Level 5.0 Hexes
 + Level 6.3 Transmutations
 + Level 4.3 Earth Magic
 - Level 3.0 Invocations


You couldn't memorise any spells.
You knew the following spells:

 Your Spells              Type           Power      Damage    Failure   Level
a - Confusing Touch       Hex            17%        N/A       4%          3
b - Beastly Appendage     Tmut           42%        N/A       1%          1
c - Wereblood             Tmut           21%        N/A       1%          2
d - Animate Skeleton      Necr           4%         N/A       12%         1
e - Petrify               Tmut/Erth      18%        N/A       12%         4
f - Statue Form           Tmut/Erth      12%        N/A       86%         6

Your spell library contained the following spells:

 Spells                   Type           Power      Damage    Failure   Level
 Sting                    Tmut/Pois      44%        1d5       3%          1
 Spider Form              Tmut/Pois      5%         N/A       9%          3
 Pain                     Necr           8%         1d4       12%         1
 Ignite Poison            Fire/Tmut/Pois 8%         N/A       14%         3
 Poisonous Vapours        Pois/Air       4%         N/A       16%         2
 Leda's Liquefaction      Hex/Erth       8%         N/A       16%         4
 Hydra Form               Tmut           10%        N/A       22%         5
 Ice Form                 Ice/Tmut       11%        N/A       28%         4
 Yara's Violent Unravell  Hex/Tmut       9%         3d6       28%         5
 Gell's Gravitas          Tloc           1%         N/A       32%         3
 Mephitic Cloud           Conj/Pois/Air  2%         N/A       32%         3
 Vampiric Draining        Necr           1%         2d6       32%         3
 Animate Armour           Summ/Erth      16%        N/A       41%         4
 Animate Dead             Necr           1%         N/A       69%         4
 Olgreb's Toxic Radiance  Pois           2%         N/A       69%         4
 Metabolic Englaciation   Hex/Ice        4%         N/A       69%         5
 Bolt of Magma            Conj/Fire/Erth 3%         4d5       83%         5
 Agony                    Necr           2%         N/A       95%         5
 Iron Shot                Conj/Erth      4%         9d2       99%         6
 Shatter                  Erth           7%         3d10*     100%        9


Dungeon Overview and Level Annotations

Branches:
Dungeon (10/15)            Temple (1/1) D:5            Lair (5/6) D:8
 Shoals (0/4) Lair:4        Snake (0/4) Lair:2      Gauntlet (1/1)
  Slime: Lair:5-6       Orc: D:9-12

Altars:
Ashenzari
Dithmenos
Elyvilon
Fedhas
Gozag
Hepliaklqana
Kikubaaqudgha
Makhleb
Nemelex Xobeh
Okawaru
Qazlal
Ru
Sif Muna
Trog
Uskayaw
Vehumet
Wu Jian
Xom
Yredelemnul
Zin
The Shining One
Beogh
Lugonu

Shops:
D:7 *

Annotations:
D:7 1 runed translucent door, Crazy Yiuf
D:8 3 runed translucent doors, Grognak's ghost, novice OgFi
Lair:1 2 transporters, exclusion: 2 oklob plants, Baigul's ghost, journeyman NaCj
Lair:3 1 runed translucent door Gauntlet 13 transporters, exclusion: lightning spire


Innate Abilities, Weirdness & Mutations

You have a pair of small antennae on your head.
You are mostly covered in large bone plates. (SH +6)
A weak demonic guardian rushes to your aid.
You are robust. (+10% HP)
You regenerate magic rapidly.
You have sharp fingernails.
You are highly strong-willed. (Will++)


Message History

You scratch the jelly.
Your claws burn!
* * * LOW HITPOINT WARNING * * *
A demonic guardian appears!
The jelly is moderately wounded.
You take 1 damage, and have 18/106 hp.
You claw the jelly!
Your claws burn!
* * * LOW HITPOINT WARNING * * *
The jelly is almost dead.
Your neqoxec hits the jelly!
The jelly dies!
Makhleb accepts your kill. The smoke demon gestures at you.
The ball of steam hits your shadow imp!!
Your shadow imp dies!
The ball of steam hits you!
* * * LOW HITPOINT WARNING * * *
You take 14 damage, and have 4/106 hp.
Your neqoxec barely misses the smoke demon.
You block the smoke demon's attack.
The smoke demon hits you but does no damage.
The smoke demon barely misses you.
Your neqoxec hits the smoke demon!
The smoke demon hits you but does no damage.
You block the smoke demon's attack. x2
What are your orders? t - Shout!
Orders for allies: a - Attack new target. r - Retreat! s - Stop attacking. g - Guard the area. f - Follow me.
Anything else - Cancel.
Gang up on whom?
Press: ? - help, Dir - move target, f - smoke demon
Aim: a smoke demon (moderately wounded, summoned, ally target) Attack!
You are engulfed in a cloud of scalding steam.
Your neqoxec is engulfed in a cloud of scalding steam.
Your neqoxec hits the smoke demon. The smoke demon gestures at you.
Makhleb smites you!
You die...

##≈###≈###≈###≈###≈###≈###
#≈≈≈#≈≈≈#≈≈≈#≈≈≈#≈≈≈#≈≈≈#.
#≈.......................
##...####################
##≈...#.##....#8©8#.....QQ
#≈≈∩..#..##..##...#..####.
##≈...#...#.###...#.#.....
##..©#.##.##©#©.©#.#.©###
##≈...###@#...#####.#.#...
#≈≈∩..##.3##..#...#Q#.#.)#
##≈...#.§3©##(#.8.#QQ.#.#©
##...#########...########
#≈.......................
#≈≈≈#≈≈≈#≈≈≈#≈≈≈#≈≈≈#≈≈≈#≈
##≈###≈###≈###≈###≈###≈###
## ### ### ### ### ### #


You could see a smoke demon (summoned, ally target) and a friendly neqoxec
(summoned).

Vanquished Creatures
  3 hydras
  2 boulder beetles (Lair:4)
  A centaur warrior (D:9)
  A two-headed ogre (D:9)
  A skeletal warrior (D:10)
  3 oklob plants (Lair:1)
  11 cane toads
  4 black mambas
  2 torpor snails
  A rime drake (Lair:2)
  6 komodo dragons
  A troll (D:9)
  3 polar bears
  Prince Ribbit (D:9)
  A snapping turtle (Lair:4)
  A slime creature (Gauntlet)
  A blink frog (D:8)
  2 wyverns
  27 yaks
  2 nagas (Lair:2)
  An acid dragon (D:9)
  7 water moccasins
  4 orc warriors
  An ice beast (D:3)
  A sky beast (D:6)
  3 black bears
  3 ogres
  5 wolves (D:8)
  8 centaurs
  A phantom (D:7)
  2 kobold brigands
  7 bullfrogs
  2 scorpions
  2 water moccasin zombies
  A water moccasin skeleton (D:6)
  3 killer bees (D:7)
  3 wights (D:6)
  2 electric eels (D:6)
  A howler monkey (D:4)
  2 centaur zombies
  4 jellies
  4 iguanas
  2 orc priests
  A bullfrog skeleton (D:7)
  3 hounds (D:5)
  Jessica (D:3)
  Terence (D:2)
  Natasha (twice) (D:2)
  8 orc wizards
  A howler monkey zombie (D:7)
  A gnoll (D:5)
  7 adders
  4 shadow imps
  2 white imps
  A worm (D:3)
  An adder skeleton (D:4)
  3 dart slugs
  19 orcs
  13 ball pythons
  10 endoplasms
  5 giant cockroaches
  5 hobgoblins
  9 jackals
  14 kobolds
  3 quokkas
  6 bats
  3 frilled lizards
  7 goblins
  3 rats
276 creatures vanquished.

Vanquished Creatures (collateral kills)
  A hydra (Lair:4)
  A slime creature (Gauntlet)
  A skeletal warrior (D:9)
  A guardian serpent (shapeshifter) (D:9)
  A black mamba (Lair:3)
  Maggie (D:9)
  An orc warrior (D:7)
  2 phantoms
  A killer bee (D:7)
  2 jellies (Gauntlet)
  An orc wizard (D:9)
  Natasha (D:2)
  A worm (D:2)
  A ball python (D:3)
  A goblin (D:4)
  2 jackals
19 creatures vanquished.

Vanquished Creatures (others)
  15 fungi
  15 plants
  11 toadstools (Lair:3)
41 creatures vanquished.

Grand Total: 336 creatures vanquished

Notes
Turn   | Place    | Note
-------+----------+-------------------------------------------
     0 | D:5      | jasper the Demonspawn Delver began the quest for the Orb.
     0 | D:5      | Reached XP level 1. HP: 18/18 MP: 1/1
    20 | D:5      | Found a staircase to the Ecumenical Temple.
    20 | D:5      | Noticed a phantom
    29 | Temple   | Entered the Ecumenical Temple
    71 | Temple   | Became a worshipper of Makhleb the Destroyer
   140 | D:4      | Noticed a phantom
   155 | D:3      | Found a faded altar of an unknown god.
   496 | D:3      | Reached skill level 2 in Unarmed Combat
   496 | D:3      | Gained mutation: A weak demonic guardian rushes to your
                  | aid. [demonic ancestry]
   496 | D:3      | Reached XP level 2. HP: 10/24 MP: 2/2
   501 | D:3      | HP: 1/24 [ball python (2)]
   986 | D:3      | Noticed Jessica
  1093 | D:2      | Found a shadowy altar of Dithmenos.
  1107 | D:2      | Gained mutation: You are partially covered in large bone
                  | plates. (SH +4) [demonic ancestry]
  1107 | D:2      | Reached XP level 3. HP: 8/29 MP: 3/3
  1658 | D:1      | Reached skill level 1 in Armour
  1874 | D:1      | Reached * piety under Makhleb
  3042 | D:2      | Noticed Natasha
  3045 | D:2      | Gained mutation: You have sharp fingernails. [potion of
                  | mutation]
  3045 | D:2      | Gained mutation: You are strong-willed. (Will+) [potion of
                  | mutation]
  3045 | D:2      | Gained mutation: You are highly strong-willed. (Will++)
                  | [potion of mutation]
  3052 | D:2      | Killed Natasha
  3053 | D:2      | Reached XP level 4. HP: 21/35 MP: 4/4
  3284 | D:2      | Reached skill level 3 in Unarmed Combat
  3322 | D:2      | Noticed Terence
  3689 | D:2      | Killed Terence
  4102 | D:3      | Killed Jessica
  4103 | D:3      | Reached XP level 5. HP: 39/42 MP: 5/5
  4127 | D:3      | Found an ornate altar of the Wu Jian Council.
  4372 | D:3      | Noticed an ice beast
  4426 | D:4      | Killed a phantom
  4581 | D:4      | Learned a level 3 spell: Confusing Touch
  4649 | D:4      | Reached XP level 6. HP: 33/48 MP: 6/6
  4856 | D:4      | Found a bloodstained altar of Trog.
  4878 | D:4      | Reached skill level 4 in Unarmed Combat
  4944 | D:4      | Reached ** piety under Makhleb
  5759 | D:4      | Found a sacrificial altar of Ru.
  6378 | D:6      | Reached XP level 7. HP: 26/55 MP: 2/7
  6698 | D:6      | Reached skill level 5 in Unarmed Combat
  6907 | D:7      | Reached skill level 1 in Invocations
  7032 | D:7      | Found a sparkling altar of Nemelex Xobeh.
  7033 | D:7      | Found an ancient bone altar of Kikubaaqudgha.
  7061 | D:7      | Reached skill level 5 in Fighting
  7424 | D:7      | Found a large runed translucent door.
  7424 | D:7      | Found a large runed translucent door.
  7449 | D:7      | Gained mutation: You are mostly covered in large bone
                  | plates. (SH +6) [demonic ancestry]
  7449 | D:7      | Reached XP level 8. HP: 62/62 MP: 9/9
  7484 | D:7      | Found a stormy altar of Qazlal.
  7493 | D:7      | Noticed an air elemental
  7686 | D:7      | Reached skill level 6 in Unarmed Combat
  7782 | D:7      | Found a runed translucent door.
  7783 | D:7      | Noticed Crazy Yiuf
  7863 | D:7      | Found Ukifosy's Assorted Antiques.
  7872 | D:7      | Bought a scroll labelled AMURENL JAYWERE for 20 gold pieces
  7872 | D:7      | Bought a potion of mutation for 160 gold pieces
  7872 | D:7      | Bought a yellow potion for 18 gold pieces
  7874 | D:7      | Found a shimmering altar of Xom.
  7875 | D:7      | Found a shimmering altar of Xom.
  7875 | D:7      | Found a shimmering altar of Xom.
  7892 | D:7      | Found a shimmering altar of Xom.
  7893 | D:7      | Found a shimmering altar of Xom.
  8199 | D:7      | Noticed a cyclops
  8200 | D:7      | Noticed a polar bear
  8203 | D:7      | a polar bear changed into a human
  8227 | D:7      | Noticed a hornet
  8227 | D:7      | a human changed into a hornet
  8229 | D:7      | Noticed a rime drake
  8229 | D:7      | a hornet changed into a rime drake
  8255 | D:7      | Noticed an ice dragon
  8488 | D:8      | Found a staircase to the Lair.
  8520 | D:8      | Found a runed translucent gate.
  8528 | D:8      | Found a runed translucent gate.
  8528 | D:8      | Noticed Grognak's ghost (novice OgFi)
  8528 | D:8      | Identified the +1 plate armour of Free Expression {-Cast
                  | rElec rPois Int-3}
  8529 | D:8      | Found a runed translucent gate.
  8642 | D:8      | Reached *** piety under Makhleb
  8821 | D:8      | Found a basalt altar of Yredelemnul.
  9175 | D:9      | Learned a level 1 spell: Beastly Appendage
  9181 | D:9      | Noticed Maggie
  9189 | D:9      | Killed Maggie
  9190 | D:9      | Reached skill level 5 in Dodging
  9190 | D:9      | Reached skill level 7 in Unarmed Combat
  9683 | D:6      | Reached skill level 1 in Hexes
  9901 | D:5      | Found a hide-covered altar of Uskayaw.
 10044 | D:5      | Gained mutation: You have a pair of small antennae on your
                  | head. [demonic ancestry]
 10044 | D:5      | Reached XP level 9. HP: 69/69 MP: 11/11
 10069 | D:5      | Learned a level 2 spell: Wereblood
 10070 | D:5      | Noticed a +0 hand axe
 10071 | D:5      | Noticed a +0 dagger
 10581 | D:5      | Found a shimmering blue altar of Sif Muna.
 11149 | D:3      | Reached skill level 8 in Unarmed Combat
 11597 | D:2      | Noticed Natasha
 11606 | D:2      | Killed Natasha
 11617 | D:2      | Noticed Natasha
 11625 | D:2      | Killed Natasha
 12985 | D:7      | Found a shadowy altar of Dithmenos.
 13000 | D:7      | Found an iron altar of Okawaru.
 13314 | D:9      | Noticed a troll
 13323 | D:9      | Identified the +1 helmet "Fedob" {*Corrode rPois rC- SInv}
 13349 | D:9      | Killed a troll
 13452 | D:9      | Noticed a black mamba
 13453 | D:9      | Noticed a centaur warrior
 13472 | D:9      | Killed a centaur warrior
 13473 | D:9      | Reached skill level 9 in Unarmed Combat
 13473 | D:9      | Gained mutation: You are robust. (+10% HP) [demonic
                  | ancestry]
 13473 | D:9      | Reached XP level 10. HP: 37/86 MP: 12/12
 13660 | D:9      | Noticed a skeletal warrior
 13679 | D:9      | Killed a skeletal warrior
 13695 | D:9      | Noticed a guardian serpent
 13695 | D:9      | a troll changed into a guardian serpent
 13700 | D:9      | Killed a guardian serpent
 13871 | D:9      | Noticed a two-headed ogre
 13882 | D:9      | Killed a two-headed ogre
 14147 | D:9      | Reached skill level 5 in Hexes
 14169 | D:9      | Learned a level 1 spell: Animate Skeleton
 14344 | D:9      | Noticed Prince Ribbit
 14355 | D:9      | Killed Prince Ribbit
 14355 | D:9      | Reached **** piety under Makhleb
 14393 | D:9      | Noticed a seven-headed hydra
 14401 | D:9      | Killed a seven-headed hydra
 14402 | D:9      | Reached skill level 10 in Unarmed Combat
 14402 | D:9      | Reached skill level 1 in Spellcasting
 14407 | D:9      | Learned a level 4 spell: Petrify
 14885 | D:10     | Entered Level 10 of the Dungeon
 15189 | D:10     | Found an opulent altar of Gozag.
 15205 | D:10     | Noticed a skeletal warrior
 15239 | D:10     | Killed a skeletal warrior
 15249 | D:10     | Noticed a skeletal warrior
 15250 | D:10     | Noticed a skeletal warrior
 15326 | Lair:1   | Entered Level 1 of the Lair of Beasts
 15362 | Lair:1   | You fall into a shaft and drop 1 floor!
 15383 | Lair:1   | Gained mutation: You regenerate magic rapidly. [demonic
                  | ancestry]
 15383 | Lair:1   | Reached XP level 11. HP: 90/95 MP: 14/14
 16319 | Lair:1   | Noticed a four-headed hydra
 16338 | Lair:1   | Killed a four-headed hydra
 16548 | Lair:1   | Noticed an oklob plant
 16551 | Lair:1   | Noticed Baigul's ghost (journeyman NaCj)
 16582 | Lair:1   | Found a transporter.
 16586 | Lair:1   | Found a transporter.
 16693 | Lair:1   | Reached skill level 1 in Transmutations
 16834 | Lair:1   | Noticed a seven-headed hydra
 16939 | Lair:1   | Noticed an oklob plant
 16940 | Lair:1   | Noticed an oklob plant
 16940 | Lair:1   | Noticed an oklob plant
 16940 | Lair:1   | Noticed an oklob plant
 16950 | Lair:1   | Killed an oklob plant
 16951 | Lair:1   | Reached skill level 11 in Unarmed Combat
 17252 | Lair:1   | Killed an oklob plant
 17264 | Lair:1   | Killed an oklob plant
 17926 | Lair:2   | Found a staircase to the Snake Pit.
 18290 | Lair:2   | Reached XP level 12. HP: 103/105 MP: 16/16
 19862 | Lair:3   | Reached skill level 12 in Unarmed Combat
 20209 | Lair:3   | Noticed a catoblepas
 20209 | Lair:3   | Noticed a catoblepas
 20232 | Lair:3   | Found a runed translucent door.
 20680 | Lair:3   | Reached ***** piety under Makhleb
 20681 | Lair:3   | Reached skill level 10 in Fighting
 21245 | Lair:4   | Learned a level 6 spell: Statue Form
 21302 | Lair:4   | Noticed a boulder beetle
 21753 | Lair:4   | Reached skill level 1 in Earth Magic
 21790 | Lair:4   | Noticed a five-headed hydra
 21814 | Lair:4   | Killed a five-headed hydra
 21983 | Lair:4   | Reached skill level 5 in Transmutations
 22427 | Lair:4   | Killed a boulder beetle
 22630 | Lair:4   | Noticed a seven-headed hydra
 23029 | Lair:4   | Killed a seven-headed hydra
 23550 | Lair:4   | Noticed a boulder beetle
 23587 | Lair:4   | Killed a boulder beetle
 23853 | Lair:4   | Found a staircase to the Shoals.
 24005 | Lair:5   | Found a gate leading to a gauntlet.
 24015 | Gauntlet | Entered a Gauntlet
 24015 | Gauntlet | Found a transporter.
 24025 | Gauntlet | Found a transporter.
 24027 | Gauntlet | Found a transporter.
 24028 | Gauntlet | Found a transporter.
 24033 | Gauntlet | Noticed a tengu warrior
 24039 | Gauntlet | Found a transporter.
 24040 | Gauntlet | Found a transporter.
 24052 | Gauntlet | Found a transporter.
 24053 | Gauntlet | Found a transporter.
 24053 | Gauntlet | Found a transporter.
 24065 | Gauntlet | Found a transporter.
 24066 | Gauntlet | Found a transporter.
 24070 | Gauntlet | Found a transporter.
 24074 | Gauntlet | Found a transporter.
 24122 | Gauntlet | Found a transporter.
 24211 | Gauntlet | HP: 4/106 [smoke demon/ball of steam[the player character]
                  | (13)]
 24214 | Gauntlet | Killed from afar by a smoke demon

Illustrated notes

Levels and vault maps discovered:
D:1:      minmay_arrival_glassed_features, layout_basic, grunt_decor_fettered,
          minmay_misc_feat_four_crosses
D:2:      layout_loops_ring, basic_altar, eino_tiny_chamber, minivault_26,
          uniq_terence, uniq_natasha
D:3:      layout_basic, nicolae_wu_jian_immortal_techniques,
          ebering_ecumenical_altar_hall, minmay_increasing_density, uniq_jessica
D:4:      layout_rooms, elyvilon_altar_1, marbit_many_paths, lemuel_tele_altar
D:5:      minmay_chambers_of_threes, layout_basic, tgw_sif,
          dancing_weapons_uskayaw, minmay_temple_entry_glass,
          patterned_corridor, uniq_duvessa
D:6:      cheibrodos_helix_gallery, layout_layer_cave
D:7:      layout_cave_pools, xom_shifter_show, nicolae_qazlal_style_of_elements,
          chequers_temple_overflow_statue_of_worship, jmf_multi_god_temple2,
          serial_shops, shop, uniq_crazy_yiuf_cottage
D:8:      layout_loops_ring, lemuel_crystal_altar, dpeg_oklobed_lair,
          biasface_ghost_orc_armoury
D:9:      minmay_chambers_of_sixes, layout_grid_maze, uniq_maggie,
          uniq_prince_ribbit1
D:10:     layout_stronghold, nicolae_gozag_cash_rules_everything_around_me,
          nicolae_overflow_crystal_walls, minmay_fractal_squares_gapless_7
Temple:   corrupted_temple
Lair:1:   layout_small_grid, nzn_ghost_randoct, minmay_lair_oklob_chamber
Lair:2:   layout_gridlike, guppyfry_snake_entry_island, serial_bayou_pond_d
Lair:3:   gammafunk_lair_enchanted_lake, layout_long_grid,
          nicolae_quartered_pool_medium, minivault_27
Lair:4:   layout_cave_pods, minmay_shoals_entry_hut
Lair:5:   layout_long_grid, gauntlet_entry_generic, kennysheep_snail_temple
Gauntlet: gammafunk_gauntlet_77_escape_option [minmay_gauntlet_arena_77_fan,
          minmay_gauntlet_arena_77_radiant_squares,
          minmay_gauntlet_arena_77_p_blocks, minmay_gauntlet_arena_77_two_lines,
          minmay_gauntlet_arena_77_braids,
          nicolae_gauntlet_exit_dead_adventurers]

Skill      XL: |  1  2  3  4  5  6  7  8  9 10 11 12 |
---------------+-------------------------------------+-----
Dodging        | 2 3 4 5 6 7 8 9 |  9.0
Unarmed Combat | 2 3 4 5 7 9 10 11 12 | 12.2
Armour         | 1 2 3 |  3.0
Fighting       | 4 5 6 7 8 9 10 | 10.0
Invocations    | 2 3 |  3.0
Hexes          | 1 4 5 |  5.0
Spellcasting   | 2 3 |  3.0
Transmutations | 3 6 |  6.3
Earth Magic    | 4 |  4.3
Stealth        | |  4.5

Action                   |  1- 3 |  4- 6 |  7- 9 | 10-12 || total
-------------------------+-------+-------+-------+-------++-------
Melee: Unarmed           |   177 |   153 |   363 |   811 ||  1504
       Punch             |     2 |     7 |    10 |    59 ||    78
Throw: Stone             |     1 |    41 |    11 |   122 ||   175
       Javelin           |       |     9 |       |       ||     9
       Boomerang         |       |       |   120 |    41 ||   161
 Cast: Confusing Touch   |       |       |       |    13 ||    13
Invok: Lesser Servant of |       |       |     1 |     5 ||     6
Evoke: Wand              |       |       |    28 |     5 ||    33
       Tin of tremorston |       |       |       |     2 ||     2
  Use: Potion            |     3 |     1 |     8 |     5 ||    17
       Scroll            |     2 |     2 |     8 |     3 ||    15
 Stab: Sleeping          |     7 |     1 |     1 |     2 ||    11
       Distracted        |     1 |       |     1 |     3 ||     5
       Confused          |       |       |       |    26 ||    26
Armor: Leather armour    |    65 |    32 |    35 |       ||   132
       Skin              |       |       |    33 |       ||    33
       Acid dragon scale |       |       |    61 |   160 ||   221
Dodge: Dodged            |   114 |    59 |   218 |   345 ||   736
Block: Other             |    26 |    34 |   149 |   401 ||   610
       Reflection        |       |       |     3 |     9 ||    12

Table legend: (Time is in decaauts)
 A = Elapsed time spent in this place.
 B = Non-inter-level travel time spent in this place.
 C = Inter-level travel time spent in this place.
 D = Time resting spent in this place.
 E = Time spent auto-exploring this place.
 F = Levels seen in this place.
 G = Mean time per level.
                   A        B        C        D        E       F      G
               +--------+--------+--------+--------+--------+-----+--------+
         Total |  24142 |  23521 |    621 |   6550 |  12985 |  17 | 1420.1 |
       Dungeon |  15786 |  15288 |    498 |   4423 |   8176 |  10 | 1578.6 |
        Temple |     61 |     46 |     15 |      0 |     29 |   1 |   61.0 |
          Lair |   8099 |   7991 |    108 |   2096 |   4648 |   5 | 1619.8 |
      Gauntlet |    195 |    195 |      0 |     31 |    132 |   1 |  195.0 |
               +--------+--------+--------+--------+--------+-----+--------+

Top non-repeatable levels by time:
  Lair:4: 2477 daAuts
  Lair:3: 2393 daAuts
     D:6: 2141 daAuts
     D:9: 2070 daAuts
  Lair:1: 1955 daAuts
     D:7: 1770 daAuts
     D:2: 1750 daAuts
     D:3: 1699 daAuts
     D:5: 1599 daAuts
     D:4: 1502 daAuts
     D:8: 1454 daAuts
     D:1: 1411 daAuts
  Lair:2: 1208 daAuts
    D:10: 384 daAuts
Gauntlet: 195 daAuts
